 Dungeon Sprint DCSS version 0.27-a0-1324-ge0d8e047f6 (webtiles) character file.

Game seed: 2417051102678953158

27649 rocky1 the Peltast (level 13, 0/114 HPs)
             Began as a Formicid Fighter on June 24, 2021.
             Was the Champion of Cheibriados.
             Slain by an ettin (32 damage)
             ... in the Dungeon (Sprint IX: "|||||||||||||||||||||||||||||").
             The game lasted 00:16:42 (3028 turns).

rocky1 the Peltast (Formicid Fighter)               Turns: 3028, Time: 00:16:43

Health: 0/114      AC: 21    Str: 41    XL:     13   Next: 67%
Magic:  22/22      EV: 21    Int: 23    God:    Cheibriados [******]
Gold:   61         SH: 18    Dex: 25    Spells: 12/12 levels left

rFire    . . .     SeeInvis +   l - +2 scimitar (flame)
rCold    . . .     Faith    .   c - +0 kite shield
rNeg     . . .     Spirit   .   w - +0 plate armour
rPois    .         Reflect  .   (helmet unavailable)
rElec    .         Harm     .   m - +0 cloak
rCorr    .         Rampage  .   u - +0 pair of gloves
Will     +....                  (no boots)
Stlth    ..........             (no amulet)
HPRegen  0.29/turn              p - +2 ring of protection
MPRegen  0.18/turn              o - +2 ring of evasion

@: very slow
A: permanent stasis, dig shafts and tunnels, antennae 3, four strong arms
a: Dig, Renounce Religion, Bend Time, Temporal Distortion, Slouch, Step From
Time


You were in the Dungeon.
You worshipped Cheibriados.
Cheibriados was exalted by your worship.
You visited 1 branch You collected 1942 gold pieces.
You spent 1881 gold pieces at shops.

Inventory:

Hand Weapons
 j - a +0 lajatang of venom
 k - a +2 morningstar of protection
 l - a +2 scimitar of flaming (weapon)
 F - a +1 great sword
Missiles
 a - 2 curare-tipped darts (quivered)
Armour
 c - a +0 kite shield (worn)
 m - a +0 cloak (worn)
 u - a +0 pair of gloves (worn)
 w - a +0 plate armour (worn)
 G - +1 fire dragon scales
 H - +1 ice dragon scales
 I - a +1 scale mail of positive energy
 J - a +2 plate armour
Jewellery
 o - a +2 ring of evasion (right hand)
 p - a +2 ring of protection (left hand)
 A - a ring of protection from cold
 B - a ring of fire
 C - a ring of willpower
 D - a ring of poison resistance
 E - a ring of fire
Wands
 b - a wand of paralysis (7)
 i - a wand of acid (10)
 v - a wand of flame (16)
Scrolls
 h - 2 scrolls of amnesia
 r - 3 scrolls of fear
 s - 3 scrolls of identify
 t - 4 scrolls of fog
 x - 5 scrolls of enchant weapon
 y - a scroll of holy word
Potions
 d - 3 potions of resistance
 e - 10 potions of curing
 f - 4 potions of heal wounds
 g - 6 potions of magic
 n - a potion of cancellation
 q - 2 potions of invisibility
 K - a potion of brilliance


   Skills:
 + Level 14.7 Fighting
 + Level 14.6 Long Blades
 + Level 14.5 Armour
 + Level 12.2 Dodging
 + Level 17.0 Shields
 - Level 12.8 Invocations
 - Level 13.3 Evocations


You had 12 spell levels left.
You didn't know any spells.
Your spell library contained the following spells:

 Spells                   Type           Power      Damage    Failure   Level
 Foxfire                  Conj/Fire      0%         2x1d4     50%         1
 Magic Dart               Conj           0%         1d3       50%         1
 Searing Ray              Conj           0%         3d3       63%         2
 Conjure Flame            Conj/Fire      0%         6-21      86%         3
 Dazzling Flash           Conj/Hex       0%         N/A       86%         3
 Inner Flame              Hex/Fire       0%         N/A       86%         3
 Fulminant Prism          Conj/Hex       0%         3d6       99%         4
 Iskenderun's Mystic Bla  Conj/Tloc      0%         2d3       99%         4
 Sticky Flame             Conj/Fire      0%         2d3       99%         4
 Fireball                 Conj/Fire      0%         3d3       100%        5


Dungeon Overview and Level Annotations

Branches:
Dungeon (1/1)

Altars:
Cheibriados
Dithmenos
Elyvilon
Fedhas
Gozag
Hepliaklqana
Kikubaaqudgha
Makhleb
Nemelex Xobeh
Okawaru
Qazlal
Ru
Sif Muna
Trog
Uskayaw
Vehumet
Wu Jian
Xom
Yredelemnul
Zin
The Shining One
Beogh
Jiyva
Lugonu

Shops:
D :!?*


Innate Abilities, Weirdness & Mutations

You cannot be hasted, slowed, berserked, paralysed or teleported.
You can dig through walls and to a lower floor.
You have a pair of large antennae on your head. (SInv)
Your four strong arms can wield two-handed weapons with a shield.


Message History

You slice the stone giant!! You burn the stone giant!
The stone giant is moderately wounded.
You block the stone giant's attack.
You barely miss the stone giant.
The stone giant is moderately wounded.
You hit the stone giant but do no damage.
The stone giant is moderately wounded.
The stone giant hits you!!
You hit the stone giant. You burn the stone giant.
The stone giant is heavily wounded.
The stone giant hits you!!
* * * LOW HITPOINT WARNING * * *
You slice the stone giant!! You burn the stone giant.
The stone giant is severely wounded.
You block the stone giant's attack.
You hit the stone giant but do no damage.
The stone giant is severely wounded.
You feel much better. You block the stone giant's attack.
You slash the stone giant! You burn the stone giant.
The stone giant is almost dead.
The stone giant hits you.
You slash the stone giant! You burn the stone giant.
The stone giant is almost dead.
You block the stone giant's attack.
You slash the stone giant! You burn the stone giant.
You kill the stone giant!
Cheibriados thoroughly appreciates the change of pace.
Your Shields skill increases to level 17!
The ettin hits you with a +0 great mace!!
* * * LOW HITPOINT WARNING * * *
You block the ettin's attack. x2; The ettin hits you but does no damage.
Things that are here:
4 large rocks; a stone giant corpse You hit the ettin but do no damage.
The ettin hits you with a +0 great mace!
* * * LOW HITPOINT WARNING * * *
The ettin misses you.
You feel much better. You block the ettin's attack.
The ettin hits you with a +0 dire flail!!
You die...

,*,*,*,*,*,*{*,▓?▓.▓)▓.▓.▓.▓_▓
,*,*,*,*,*,*{*,▓.▓.▓)▓.▓÷▓.▓'▓
,*,*,*,*,*,*{*,▓)▓.▓)▓.▓.▓.▓.▓
,*,*,*,*,*,*{*,▓.▓.▓.▓.▓.▓.▓?▓
,*,*,*,*,*,*{*,▓)▓.▓)▓.▓.▓.▓)▓
,*,*,*,*,*,*+*{▓)▓.▓)▓.▓.▓.▓.▓
,*,*,*,*,*,*{*,▓.▓.▓∩▓.▓.▓.▓.▓
,*,*,*,*,*,*{*,▓†▓.▓)▓.▓.▓.▓[▓
,*,*,*,*,*,*{*,▓@▓.▓∩▓.▓.▓.▓.▓
+*,*,*,*,*,*{*,▓C▓.▓.▓.▓.▓.▓.▓
,*,*,*,*,*,*{*,▓.▓.▓∩▓.▓(▓.▓.▓
,*,*,*,*,*,*{*,▓.▓.▓.▓.▓.▓.▓)▓
,*,*,*,*,*,*{*,▓.▓.▓∩▓.▓.▓.▓)▓
,*,*,*,*,*,*{*,▓.▓.▓.▓.▓.▓.▓)▓
,*,*,*,*,*,*{*,▓.▓.▓.▓.▓'▓.▓.▓
,*,*,*,*,*,*+*,▓.▓.▓.▓.▓.▓.▓.▓
,*,*,*,*,*,*,*{*{▓.▓.▓.▓.▓.▓.▓


You could see an ettin.

Vanquished Creatures
  Gastronok (D)
  2 stone giants (D)
  An ettin (D)
  Josephine (D)
  4 hydras (D)
  A centaur warrior (D)
  4 ogre magi (D)
  6 two-headed ogres (D)
  Sonja (D)
  3 ugly things (D)
  5 orc knights (D)
  A deep elf pyromancer (D)
  A cyclops (D)
  A salamander (shapeshifter) (D)
  An elephant (D)
  Maurice (D)
  A guardian serpent (shapeshifter) (D)
  A black mamba (D)
  2 cane toads (D)
  A komodo dragon (D)
  2 rime drakes (D)
  A tengu conjurer (D)
  A tyrant leech (D)
  2 slime creatures (D)
  3 blink frogs (D)
  A tarantella (shapeshifter) (D)
  4 wraiths (D)
  Eustachio (D)
  5 yaks (D)
  2 wyverns (D)
  3 vampire mosquitoes (D)
  A water moccasin (D)
  7 orc warriors (D)
  5 ogres (D)
  2 centaurs (D)
  3 bullfrogs (D)
  A wight (D)
  4 orc priests (D)
  5 orc wizards (D)
  A hell rat (D)
  5 orcs (D)
  A ball python (D)
  An endoplasm (D)
  A kobold (D)
  2 ball python skeletons (D)
  A ball python zombie (D)
  A bat (D)
  A frilled lizard (D)
106 creatures vanquished.

Vanquished Creatures (others)
  A wight (D)
1 creature vanquished.

Grand Total: 107 creatures vanquished

Notes
Turn   | Place    | Note
-------+----------+-------------------------------------------
     0 | D        | rocky1 the Formicid Fighter began the quest for the Orb.
     0 | D        | Reached XP level 1. HP: 18/18 MP: 1/1
    12 | D        | Reached skill level 4 in Shields
    48 | D        | Noticed an orc wizard
    48 | D        | Noticed an ogre
    50 | D        | Reached XP level 2. HP: 21/24 MP: 2/2
    63 | D        | Reached skill level 6 in Shields
    63 | D        | Reached XP level 3. HP: 25/29 MP: 3/3
    66 | D        | Killed an ogre
    67 | D        | Reached skill level 8 in Shields
    67 | D        | Reached XP level 4. HP: 16/35 MP: 4/4
    67 | D        | Reached XP level 5. HP: 19/41 MP: 5/5
    75 | D        | Found a snail-covered altar of Cheibriados.
    75 | D        | Found a shadowy altar of Dithmenos.
    75 | D        | Found a white marble altar of Elyvilon.
    75 | D        | Found a blossoming altar of Fedhas.
    75 | D        | Found an opulent altar of Gozag.
    76 | D        | Found a hazy altar of Hepliaklqana.
    77 | D        | Found a viscous altar of Jiyva.
    78 | D        | Found an ancient bone altar of Kikubaaqudgha.
    79 | D        | Became a worshipper of Cheibriados the Contemplative
    80 | D        | Found a corrupted altar of Lugonu.
    81 | D        | Found a burning altar of Makhleb.
    82 | D        | Found a sparkling altar of Nemelex Xobeh.
    83 | D        | Found an iron altar of Okawaru.
    84 | D        | Found a stormy altar of Qazlal.
    85 | D        | Found a sacrificial altar of Ru.
    86 | D        | Found a shimmering blue altar of Sif Muna.
    87 | D        | Found a bloodstained altar of Trog.
    88 | D        | Found a hide-covered altar of Uskayaw.
    89 | D        | Found a radiant altar of Vehumet.
   111 | D        | Found an ornate altar of the Wu Jian Council.
   112 | D        | Found a shimmering altar of Xom.
   113 | D        | Found a basalt altar of Yredelemnul.
   114 | D        | Found a glowing silver altar of Zin.
   115 | D        | Found a glowing golden altar of the Shining One.
   370 | D        | Noticed a yak
   370 | D        | Noticed a yak
   370 | D        | Noticed a centaur
   370 | D        | Noticed a two-headed ogre
   378 | D        | Killed a yak
   379 | D        | Reached skill level 9 in Shields
   379 | D        | Reached XP level 6. HP: 41/49 MP: 5/8
   387 | D        | Killed a yak
   387 | D        | Reached * piety under Cheibriados
   388 | D        | Reached skill level 5 in Fighting
   388 | D        | Reached skill level 5 in Armour
   388 | D        | Reached skill level 10 in Shields
   388 | D        | Reached XP level 7. HP: 48/56 MP: 6/10
   391 | D        | Killed a two-headed ogre
   392 | D        | Reached skill level 5 in Evocations
   392 | D        | Reached XP level 8. HP: 55/65 MP: 6/12
   395 | D        | Reached ** piety under Cheibriados
   401 | D        | Noticed a tarantella
   401 | D        | Noticed a tengu conjurer
   401 | D        | Noticed a cyclops
   401 | D        | Noticed a wraith
   405 | D        | Killed a tarantella
   408 | D        | Killed a tengu conjurer
   409 | D        | Reached skill level 5 in Dodging
   409 | D        | Reached skill level 11 in Shields
   418 | D        | Reached *** piety under Cheibriados
   434 | D        | Killed a cyclops
   434 | D        | Reached **** piety under Cheibriados
   435 | D        | Reached XP level 9. HP: 33/74 MP: 12/14
   727 | D        | Noticed a black mamba
   727 | D        | Noticed a four-headed hydra
   727 | D        | Noticed a four-headed hydra
   732 | D        | Killed a black mamba
   733 | D        | Noticed a blink frog
   737 | D        | Killed a one-headed hydra
   737 | D        | Reached ***** piety under Cheibriados
   738 | D        | Reached skill level 10 in Long Blades
   738 | D        | Reached skill level 12 in Shields
   738 | D        | Reached XP level 10. HP: 60/83 MP: 16/16
   742 | D        | Killed a one-headed hydra
   769 | D        | Reached ****** piety under Cheibriados
   894 | D        | Noticed a rime drake
   894 | D        | Noticed a four-headed hydra
   894 | D        | Noticed a rime drake
   894 | D        | Noticed a komodo dragon
   899 | D        | Reached skill level 10 in Invocations
   905 | D        | Killed a one-headed hydra
   906 | D        | Reached skill level 10 in Fighting
   906 | D        | Reached skill level 10 in Armour
   906 | D        | Reached skill level 13 in Shields
   909 | D        | Killed a rime drake
   913 | D        | Noticed an elephant
   917 | D        | Killed a rime drake
   918 | D        | Reached XP level 11. HP: 79/92 MP: 18/18
   926 | D        | Reached skill level 10 in Evocations
   936 | D        | Killed an elephant
  1321 | D        | Noticed Sonja
  1330 | D        | Killed Sonja
  1373 | D        | Noticed Gastronok
  1375 | D        | Noticed Josephine
  1397 | D        | Killed Gastronok
  1398 | D        | Reached skill level 14 in Shields
  1403 | D        | Killed Josephine
  1404 | D        | Reached XP level 12. HP: 33/102 MP: 19/21
  1657 | D        | Noticed Eustachio
  1670 | D        | Killed Eustachio
  2020 | D        | Reached skill level 10 in Dodging
  2036 | D        | Reached skill level 15 in Shields
  2372 | D        | Found Oherhang's Book Emporium.
  2372 | D        | Noticed an ogre mage
  2372 | D        | Noticed a two-headed ogre
  2372 | D        | Noticed an ogre mage
  2372 | D        | Noticed an ogre mage
  2375 | D        | Noticed a two-headed ogre
  2375 | D        | Killed an ogre mage
  2377 | D        | Killed a two-headed ogre
  2381 | D        | Killed an ogre mage
  2382 | D        | Killed an ogre mage
  2383 | D        | Found Zousta's Distillery.
  2383 | D        | Killed a two-headed ogre
  2387 | D        | Found Yjo Isuezxi's Magic Scroll Emporium.
  2389 | D        | Noticed a two-headed ogre
  2390 | D        | Found Reolev's General Store.
  2390 | D        | Noticed an ogre mage
  2390 | D        | Noticed a two-headed ogre
  2396 | D        | Killed a two-headed ogre
  2397 | D        | Noticed a two-headed ogre
  2402 | D        | Killed an ogre mage
  2403 | D        | Reached XP level 13. HP: 107/111 MP: 15/22
  2411 | D        | Reached skill level 16 in Shields
  2468 | D        | Bought a potion of curing for 33 gold pieces
  2468 | D        | Bought a potion of curing for 33 gold pieces
  2468 | D        | Bought a potion of cancellation for 88 gold pieces
  2468 | D        | Bought a potion of magic for 88 gold pieces
  2468 | D        | Bought a potion of invisibility for 88 gold pieces
  2468 | D        | Bought a potion of heal wounds for 55 gold pieces
  2468 | D        | Bought a potion of magic for 88 gold pieces
  2470 | D        | Bought a scroll of enchant weapon for 90 gold pieces
  2470 | D        | Bought a scroll of holy word for 90 gold pieces
  2470 | D        | Bought a scroll of enchant weapon for 90 gold pieces
  2472 | D        | Bought a scroll of fear for 38 gold pieces
  2472 | D        | Bought a scroll of enchant weapon for 82 gold pieces
  2472 | D        | Bought a potion of heal wounds for 55 gold pieces
  2472 | D        | Bought a scroll of magic mapping for 38 gold pieces
  2472 | D        | Bought a ring of protection from cold for 275 gold pieces
  2478 | D        | Bought a book of Flames for 350 gold pieces
  2478 | D        | Bought a book of Conjurations for 300 gold pieces
  2542 | D        | Noticed Maurice
  2557 | D        | Killed Maurice
  2932 | D        | Noticed a centaur warrior
  2932 | D        | Noticed a five-headed hydra
  2945 | D        | Noticed an ettin
  2955 | D        | Killed a centaur warrior
  2964 | D        | Killed a one-headed hydra
  2983 | D        | Noticed a stone giant
  2986 | D        | Noticed an ettin
  2987 | D        | Killed an ettin
  2988 | D        | Noticed a stone giant
  3015 | D        | Killed a stone giant
  3025 | D        | Killed a stone giant
  3026 | D        | Reached skill level 17 in Shields
  3028 | D        | Slain by an ettin

Illustrated notes

Levels and vault maps discovered:
D:        linesprint [early_d, line_temple, items_1, d_10, items_2, lair_1,
          lair_end, items_3, orc_1, orc_end, items_4, d_15, swamp_1, shoals_1,
          snake_1, spider_1, d_20, vaults_1, items_5, swamp_end, shoals_end,
          snake_end, spider_end, vaults_end, d_27, items_6, zot_1, zot_end,
          crypt_end, forest_end, elf_end, slime_end, tomb_end, abyss_end,
          pan_hell_end]

Skill      XL: |  1  2  3  4  5  6  7  8  9 10 11 12 13 |
---------------+----------------------------------------+-----
Shields        | 4 6 8 9 10 11 12 13 14 15 17 | 17.0
Long Blades    | 3 4 6 7 8 9 10 11 12 13 14 | 14.6
Fighting       | 4 5 6 8 9 10 11 13 14 | 14.7
Armour         | 4 5 6 8 9 10 11 13 14 | 14.5
Dodging        | 2 3 4 5 6 8 9 11 12 | 12.2
Invocations    | 3 4 6 7 9 10 12 | 12.8
Evocations     | 3 4 5 7 8 9 11 13 | 13.3

Action                   |  1- 3 |  4- 6 |  7- 9 | 10-12 | 13-15 || total
-------------------------+-------+-------+-------+-------+-------++-------
Melee: Long sword        |    28 |     3 |       |       |       ||    31
       Scimitar          |       |    16 |    51 |   252 |   104 ||   423
Invok: Slouch            |       |       |       |     6 |     1 ||     7
Evoke: Wand              |       |       |       |     1 |       ||     1
  Use: Potion            |     2 |     1 |       |     2 |     2 ||     7
       Scroll            |       |       |       |       |     1 ||     1
 Stab: Invisible         |       |     3 |     2 |       |       ||     5
Armor: Scale mail        |     8 |     1 |       |       |       ||     9
       Ring mail         |       |     2 |     8 |    16 |       ||    26
       Plate armour      |       |       |       |     2 |    15 ||    17
Dodge: Dodged            |     6 |     6 |    29 |    76 |    31 ||   148
Block: Kite shield       |    15 |     5 |    34 |   157 |    57 ||   268
       Rpst.: Long sword |     1 |       |       |       |       ||     1
       Scimitar          |       |     2 |     5 |    16 |     5 ||    28

Table legend: (Time is in decaauts)
 A = Elapsed time spent in this place.
 B = Non-inter-level travel time spent in this place.
 C = Inter-level travel time spent in this place.
 D = Time resting spent in this place.
 E = Time spent auto-exploring this place.
 F = Levels seen in this place.
 G = Mean time per level.
                   A        B        C        D        E       F      G
               +--------+--------+--------+--------+--------+-----+--------+
         Total |   3506 |   3506 |      0 |   1813 |      0 |   1 | 3506.0 |
       Dungeon |   3506 |   3506 |      0 |   1813 |      0 |   1 | 3506.0 |
               +--------+--------+--------+--------+--------+-----+--------+

Top non-repeatable levels by time:
       D: 3506 daAuts
